 Dungeon Crawl Stone Soup version 0.19-a0-1792-g28b16ba (webtiles) character file.

13723 Amnesiac the Dealer of Despair (level 11, -25/77 HPs)
             Began as a Mummy Wizard on Oct 4, 2016.
             Was an Elder of Kikubaaqudgha.
             Annihilated by Rupert
             ... wielding a +0 great mace of draining
              (39 damage)
             ... on level 4 of the Lair of Beasts.
             The game lasted 00:32:42 (14997 turns).

Amnesiac the Dealer of Despair (Mummy Wizard)      Turns: 14997, Time: 00:32:43

Health: -25/77     AC:  7    Str: 13    XL:     11   Next: 79%
Magic:  4/27       EV: 12    Int: 18    God:    Kikubaaqudgha [****..]
Gold:   572        SH:  7    Dex: 14    Spells: 11 memorised, 2 levels left

rFire  . . .     SeeInvis .     a - +4 double sword
rCold  . . .     Gourm    .     H - +2 robe {rN+}
rNeg   + + +     Faith    .     j - +2 buckler
rPois  ∞         Spirit   .     b - +0 hat
rElec  .         Dismiss  .     (no cloak)
rCorr  .         Reflect  .     x - +2 pair of gloves {Str+3}
MR     +....     Harm     .     (no boots)
Stlth  ++........               p - amulet of magic regeneration
                                k - ring of fire
                                A - ring of wizardry

@: no status effects
A: no food or potions, fire vulnerability, cold resistance 1, negative energy
resistance 3, torment resistance, unbreathing
a: Receive Corpses, Renounce Religion


You were on level 4 of the Lair of Beasts.
You worshipped Kikubaaqudgha.
Kikubaaqudgha was greatly pleased with you.
You were not hungry.

You visited 3 branches of the dungeon, and saw 14 of its levels.
You also visited: Ossuary.

You collected 572 gold pieces.

Inventory:

Hand Weapons
 a - a +4 double sword (weapon)
Missiles
 l - 2 throwing nets (quivered)
Armour
 b - a +0 hat (worn)
 j - a +2 buckler (worn)
 x - a +2 pair of gloves of strength (worn)
 B - a +0 ring mail of fire resistance
 H - a +2 robe of positive energy (worn)
Magical Staves
 C - an uncursed staff of fire
Jewellery
 k - a ring of fire (right hand)
 p - an amulet of magic regeneration (around neck)
 q - an uncursed ring of resist corrosion
 s - a +3 ring of strength
 A - a ring of wizardry (left hand)
Wands
 f - a wand of random effects (32/48)
 F - a wand of polymorph (7/24)
 G - a wand of lightning (11/15)
Scrolls
 d - 2 scrolls of immolation
 e - 2 scrolls of recharging
 g - 6 scrolls of noise
 h - 3 scrolls of amnesia
 i - 4 scrolls of teleportation
 n - a scroll of vulnerability {unknown}
 o - 4 scrolls of magic mapping
 u - a scroll of enchant armour
 v - 2 scrolls of silence
 w - 3 scrolls of blinking
 y - 4 scrolls of identify
 z - 4 scrolls of remove curse
Books
 c - a book of Minor Magic

   Spells                             Type                      Level
   a - Magic Dart                     Conjuration                  1
   b - Blink                          Translocation                2
   c - Call Imp                       Summoning                    2
   d - Repel Missiles                 Charms/Air                   2
   e - Slow                           Hexes                        2
   f - Conjure Flame                  Conjuration/Fire             3
   g - Mephitic Cloud                 Conjuration/Poison/Air       3
 m - a book of Callings

   Spells                             Type                      Level
   a - Summon Small Mammal            Summoning                    1
   b - Call Imp                       Summoning                    2
   c - Call Canine Familiar           Summoning                    3
   d - Summon Guardian Golem          Hexes/Summoning              3
   e - Summon Lightning Spire         Summoning/Air                4
   f - Summon Ice Beast               Ice/Summoning                4
 r - a Fen Folio

   Spells                             Type                      Level
   a - Corpse Rot                     Necromancy                   2
   b - Stone Arrow                    Conjuration/Earth            3
   c - Leda's Liquefaction            Hexes/Earth                  4
   d - Summon Forest                  Summoning/Translocation      5
   e - Hydra Form                     Transmutation                6
   f - Summon Hydra                   Summoning                    7
 t - Kikubaaqudgha's Almanac of Necromancy
   (Kikubaaqudgha gifted it to you in an ossuary)

   Spells                             Type                      Level
   a - Animate Skeleton               Necromancy                   1
   b - Pain                           Necromancy                   1
   c - Corpse Rot                     Necromancy                   2
   d - Vampiric Draining              Necromancy                   3
   e - Control Undead                 Necromancy                   4
 D - Kikubaaqudgha's Handbook of Black Magic
   (Kikubaaqudgha gifted it to you on level 8 of the Dungeon)

   Spells                             Type                      Level
   a - Animate Dead                   Necromancy                   4
   b - Excruciating Wounds            Charms/Necromancy            5
   c - Bolt of Draining               Conjuration/Necromancy       5
   d - Dispel Undead                  Necromancy                   5
   e - Simulacrum                     Ice/Necromancy               6


   Skills:
 - Level 4.1 Fighting
 + Level 1.2 Long Blades
 - Level 1.5 Dodging
 - Level 1.5 Stealth
 - Level 4.2 Shields
 - Level 12.0 Spellcasting
 - Level 0.7 Conjurations
 - Level 0.7 Summonings
 - Level 12.1 Necromancy
 - Level 0.7 Translocations


You had 2 spell levels left.
You knew the following spells:

 Your Spells              Type           Power        Failure   Level  Hunger
a - Repel Missiles        Chrm/Air       ##....       4%          2    N/A
b - Blink                 Tloc           N/A          4%          2    N/A
c - Magic Dart            Conj           ##..         2%          1    N/A
d - Call Imp              Summ           ##......     4%          2    N/A
e - Mephitic Cloud        Conj/Pois/Air  ##......     9%          3    N/A
f - Vampiric Draining     Necr           ######....   1%          3    N/A
g - Corpse Rot            Necr           N/A          1%          2    N/A
h - Dispel Undead         Necr           ######..     1%          5    N/A
i - Animate Dead          Necr           N/A          1%          4    N/A
s - Conjure Flame         Conj/Fire      ###.....     9%          3    N/A
z - Bolt of Draining      Conj/Necr      ####......   7%          5    N/A

Dungeon Overview and Level Annotations

Branches:
Dungeon (9/15)             Temple (1/1) D:4            Lair (4/6) D:8
 Shoals (0/4) Lair:4       Spider (0/4) Lair:4          Orc (0/2) D:9

Altars:
Ashenzari
Cheibriados
Dithmenos
Elyvilon
Fedhas
Gozag
Hepliaklqana
Kikubaaqudgha
Makhleb
Nemelex Xobeh
Okawaru
Qazlal
Ru
Sif Muna
Trog
Uskayaw
Vehumet
Xom
Yredelemnul
Zin
The Shining One
Beogh

Annotations:
D:6 Avack's ghost, novice VSGl
Lair:4 Rupert


Innate Abilities, Weirdness & Mutations

You do not eat or drink.
Your flesh is vulnerable to fire.
You are immune to poison.
Your flesh is cold resistant. (rC+)
You are immune to negative energy. (rN+++)
You are immune to unholy pain and torment.
You can survive without breathing.


Message History

Rupert is almost dead.
You completely miss Rupert.
Rupert is almost dead.
Rupert is engulfed in roaring flames.
Rupert barely misses you.
You riposte.
You barely miss Rupert.
Rupert is almost dead.
Rupert is engulfed in roaring flames.
Rupert hits you with a great mace of draining!
* * * LOW HITPOINT WARNING * * *
You barely miss Rupert.
Rupert is almost dead.
Rupert is engulfed in roaring flames.
Rupert closely misses you.
Unknown command.
You closely miss Rupert.
Rupert is almost dead.
Rupert is engulfed in roaring flames.
Rupert hits you with a great mace of draining!!!
Ouch! That really hurt!
You die...
Kikubaaqudgha rasps: "You have failed me!
Welcome... oblivion!"

##............@P### ##.
#......>........#.# ##..
##...)...........####.#.
###...#...........P##....
#.................##.....
##........##.#.#####P.!..
#...##..####..##.#P.....
##...###@####..##........
#...#.#.@.#...##.........
####..####..##...##.....P..
#.....##........###........
##..#...#.......##......#P.
###..#....#..............##P.
##P................PP.........
##.......#...P#.............#P.
##[.......###.##...........##...
#.#......#.).............#####..


You could see Rupert (berserk).

Vanquished Creatures
  A hydra (Lair:2)
  Sonja (Lair:4)
  A black mamba (Lair:4)
  3 elephants (Lair:3)
  Psyche (D:9)
  2 spiny frogs
  A rime drake (Lair:1)
  3 komodo dragons
  A polar bear (Lair:4)
  10 blink frogs
  Sigmund (D:5)
  A wyvern (D:9)
  3 yaks (Lair:4)
  A basilisk (Lair:2)
  Edmund (D:4)
  5 water moccasins
  2 soldier ants (D:9)
  Duvessa (D:4)
  A porcupine (Lair:4)
  2 ice beasts
  3 sky beasts
  6 orc warriors
  2 black bears
  3 ogres
  3 phantoms
  A necrophage (D:8)
  5 centaurs
  A crocodile (Lair:4)
  3 bullfrogs
  Blork the orc (D:5)
  Dowan (D:4)
  A wyvern skeleton (D:8)
  11 scorpions
  A water moccasin skeleton (D:7)
  2 howler monkeys (D:7)
  An electric eel (Lair:2)
  6 crimson imps
  3 bullfrog zombies
  A quasit (D:5)
  5 centaur zombies (Ossuary)
  6 hounds
  10 orc wizards
  A gnoll shaman (D:8)
  3 human zombies (Ossuary)
  5 orc priests
  3 centaur skeletons
  Jessica (D:5)
  5 iguanas
  8 worker ants
  2 big kobold zombies (Ossuary)
  3 mummies (Ossuary)
  A hound skeleton (D:8)
  2 worker ant zombies
  10 adders
  5 gnolls (D:8)
  A scorpion zombie (Ossuary)
  12 river rats
  2 oozes
  3 worms
  A dart slug (D:1)
  5 leopard geckos
  27 orcs
  3 ball pythons
  15 bats
  3 giant cockroaches
  2 gnoll zombies (Ossuary)
  6 goblins
  12 hobgoblins
  16 jackals
  5 kobolds
  3 quokkas
  7 frilled lizards
  2 goblin skeletons (D:5)
  A goblin zombie (D:5)
  3 hobgoblin zombies (D:5)
  3 kobold skeletons (D:5)
  A kobold zombie (Ossuary)
  3 orc skeletons (D:5)
  An orc zombie (Ossuary)
  A quokka skeleton (D:9)
  A quokka zombie (D:6)
  7 rats
313 creatures vanquished.

Vanquished Creatures (collateral kills)
  A crimson imp (D:4)
  A human zombie (Ossuary)
  2 worker ants (D:4)
  A mummy (D:7)
  A worm (D:3)
  A gnoll zombie (Ossuary)
  A kobold (D:3)
  2 quokkas
  A rat (D:3)
11 creatures vanquished.

Vanquished Creatures (others)
  2 scorpions (Ossuary)
  A gnoll zombie (Ossuary)
  12 fungi
15 creatures vanquished.

Grand Total: 339 creatures vanquished

Notes
Turn   | Place    | Note
-------+----------+-------------------------------------------
     0 | D:1      | Amnesiac the Mummy Wizard began the quest for the Orb.
     0 | D:1      | Reached XP level 1. HP: 13/13 MP: 4/4
   310 | D:3      | Found a faded altar of an unknown god.
   321 | D:3      | Noticed an earth elemental
   323 | D:3      | Found a stormy altar of Qazlal.
   324 | D:3      | Noticed an air elemental
   324 | D:3      | Noticed a water elemental
   324 | D:3      | Noticed a fire elemental
   330 | D:3      | Reached XP level 2. HP: 19/19 MP: 0/6
   334 | D:3      | Learned a level 2 spell: Call Imp
   803 | D:4      | Reached XP level 3. HP: 12/24 MP: 0/8
   808 | D:4      | Learned a level 3 spell: Mephitic Cloud
   812 | D:4      | Learned a level 3 spell: Conjure Flame
  1178 | D:4      | Reached XP level 4. HP: 30/30 MP: 5/10
  1223 | D:4      | Found a staircase to the Ecumenical Temple.
  1248 | Temple   | Entered the Ecumenical Temple
  1453 | D:4      | Reached skill level 5 in Spellcasting
  1605 | D:4      | Noticed Dowan
  1610 | D:4      | Learned a level 2 spell: Repel Missiles
  1613 | D:4      | Learned a level 2 spell: Blink
  1649 | D:4      | Noticed Edmund
  1865 | D:2      | Found a blossoming altar of Fedhas.
  1868 | D:2      | Found an iron altar of Okawaru.
  1870 | D:2      | Found a stormy altar of Qazlal.
  2349 | D:2      | Reached XP level 5. HP: 32/35 MP: 12/12
  2769 | D:3      | HP: 1/35 [adder (4)]
  3763 | D:4      | Reached XP level 6. HP: 37/41 MP: 10/15
  4281 | D:4      | Killed Edmund
  4281 | D:4      | Reached XP level 7. HP: 39/46 MP: 15/18
  4311 | D:4      | Found a glowing silver altar of Zin.
  4663 | D:4      | Noticed Duvessa
  4671 | D:4      | Killed Duvessa
  4675 | D:4      | Killed Dowan
  4692 | D:5      | Entered Level 5 of the Dungeon
  4720 | D:5      | Noticed Blork the orc
  4724 | D:5      | Killed Blork the orc
  4842 | D:5      | Noticed Sigmund
  4850 | D:5      | Killed Sigmund
  4850 | D:5      | Reached XP level 8. HP: 48/52 MP: 15/21
  4977 | D:5      | Found a glowing golden altar of the Shining One.
  5018 | D:5      | Noticed Jessica
  5026 | D:5      | Killed Jessica
  5034 | D:5      | Found a deep blue altar of Sif Muna.
  5327 | D:6      | Reached skill level 10 in Spellcasting
  5516 | D:6      | Noticed Avack's ghost (novice VSGl)
  5608 | D:6      | HP: 1/52 [Avack's ghost (13)]
  7069 | D:7      | Reached XP level 9. HP: 43/57 MP: 13/24
  7169 | D:7      | Found a sand-covered staircase.
  7327 | D:7      | Found an ancient bone altar of Kikubaaqudgha.
  7335 | D:7      | Became a worshipper of Kikubaaqudgha
  7416 | Ossuary  | Entered an ossuary
  7766 | Ossuary  | Reached * piety under Kikubaaqudgha
  7766 | Ossuary  | Identified Kikubaaqudgha's Almanac of Necromancy (Kikubaaqudgha gifted it to you in an ossuary)
  7766 | Ossuary  | Received a gift from Kikubaaqudgha
  7885 | Ossuary  | Reached skill level 1 in Necromancy
  8403 | D:1      | Reached ** piety under Kikubaaqudgha
  9054 | D:7      | Reached skill level 5 in Necromancy
  9289 | D:8      | Learned a level 3 spell: Vampiric Draining
  9292 | D:8      | Learned a level 2 spell: Corpse Rot
  9521 | D:8      | Found a staircase to the Lair.
  9546 | D:8      | Reached XP level 10. HP: 40/63 MP: 26/26
  9827 | D:8      | Reached *** piety under Kikubaaqudgha
  9827 | D:8      | Identified Kikubaaqudgha's Handbook of Black Magic (Kikubaaqudgha gifted it to you on level 8 of the Dungeon)
  9827 | D:8      | Received a gift from Kikubaaqudgha
  9860 | D:8      | Learned a level 5 spell: Bolt of Draining
  9866 | D:8      | Learned a level 5 spell: Dispel Undead
 10358 | Lair:1   | Entered Level 1 of the Lair of Beasts
 10492 | Lair:1   | Noticed a spiny frog
 10497 | Lair:1   | Killed a spiny frog
 11477 | D:9      | Reached **** piety under Kikubaaqudgha
 11477 | D:9      | Reached skill level 10 in Necromancy
 11508 | D:9      | Found a staircase to the Orcish Mines.
 11524 | D:9      | Found a roughly hewn altar of Beogh.
 11727 | D:9      | Learned a level 4 spell: Animate Dead
 11842 | D:9      | Noticed Psyche
 11847 | D:9      | Killed Psyche
 12326 | Lair:2   | Reached XP level 11. HP: 68/68 MP: 21/27
 12492 | Lair:2   | Reached skill level 1 in Shields
 13204 | Lair:2   | Noticed a five-headed hydra
 13210 | Lair:2   | Killed a five-headed hydra
 13918 | Lair:3   | Noticed a five-headed hydra
 13925 | Lair:4   | Found a hole to the Spider Nest.
 14130 | Lair:4   | Found a staircase to the Shoals.
 14249 | Lair:3   | Noticed Sonja
 14257 | Lair:4   | Killed Sonja
 14361 | Lair:4   | Noticed Rupert
 14802 | Lair:4   | Reached skill level 1 in Long Blades
 14997 | Lair:4   | Annihilated by Rupert

Vault maps used:
D:1:      dpeg_arrival_round_a, minmay_tromino_i4
D:2:      grunt_temple_overflow_diamond, first_bread
D:3:      ecumenical_altar_1, nicolae_qazlal_style_of_elements
D:4:      marbit_many_paths, minmay_unequal, uniq_edmund, uniq_duvessa
D:5:      tgw_sif, nicolae_tso_besieged_by_evil, uniq_sigmund,
          uniq_blork_the_orc
D:7:      nicolae_overflow_crystal_walls, gup_ossuary_entry_pyramid
D:8:      due_lair_maze_entry_diamond
D:9:      minmay_orc_entry_temple_small, hangedman_pestilent_swarm, uniq_psyche
Temple:   eino_narrow_crystal_temple
Lair:1:   minivault_23
Lair:2:   serial_bayou_shore_a
Lair:3:   lemuel_ratsnest, grunt_megastairs_5, uniq_sonja
Lair:4:   shoals_dummy_entry, dummy_spider_entry, uniq_rupert
Ossuary:  ossuary_minmay_scorpions

Skill      XL: |  1  2  3  4  5  6  7  8  9 10 11 |
---------------+----------------------------------+-----
Spellcasting   | 4 5 6 7 9 11 12 | 12.0
Necromancy     | 6 11 12 | 12.1
Shields        | 4 |  4.2
Fighting       | 4 |  4.1
Long Blades    | 1 |  1.2
Dodging        | |  1.5
Stealth        | |  1.5
Conjurations   | |  0.7
Summonings     | |  0.7
Translocations | |  0.7

Action                   |  1- 3 |  4- 6 |  7- 9 | 10-12 || total
-------------------------+-------+-------+-------+-------++-------
Melee: Quarterstaff      |    39 |   179 |       |       ||   218
       Dire flail        |       |       |   403 |   176 ||   579
       Double sword      |       |       |       |    68 ||    68
Throw: Throwing net      |       |       |       |     1 ||     1
 Cast: Magic Dart        |    17 |    25 |    57 |       ||    99
       Call Imp          |     9 |     3 |     8 |     1 ||    21
       Mephitic Cloud    |       |    13 |    24 |    20 ||    57
       Repel Missiles    |       |     1 |       |       ||     1
       Conjure Flame     |       |     1 |    23 |    12 ||    36
       Blink             |       |       |     2 |     2 ||     4
       Vampiric Draining |       |       |       |    71 ||    71
       Bolt of Draining  |       |       |       |    51 ||    51
  Use: Scroll            |       |       |    10 |    12 ||    22
 Stab: Distracted        |     1 |       |       |       ||     1
       Sleeping          |       |     3 |     4 |     5 ||    12
       Confused          |       |     3 |    11 |     5 ||    19
Armor: Robe              |     6 |    21 |    72 |    75 ||   174
Dodge: Dodged            |    22 |   127 |   225 |   199 ||   573
       Deflected         |       |     1 |       |       ||     1
Block: Buckler           |       |       |       |    53 ||    53
       Rpst.: Double sword |       |       |       |    22 ||    22
